 Dungeon Crawl Stone Soup version 0.17-a0-1575-g9a29ec8 (webtiles) character file.

98 theterg the Shooter (level 4, -2/36 HPs)
             Began as a Centaur Hunter on July 26, 2015.
             Killed from afar by Terence (6 damage)
             ... with a wand of flame
             ... on level 2 of the Dungeon.
             The game lasted 00:15:58 (1944 turns).

theterg the Shooter (Centaur Hunter)                Turns: 1944, Time: 00:15:58

Health: -2/36      AC:  6    Str: 14    XL:     4   Next: 43%
Magic:  4/4        EV:  8    Int: 10    God:
Gold:   108        SH:  0    Dex: 11    Spells: 0 memorised, 3 levels left

rFire  . . .     SeeInvis .     a - +1 shortbow
rCold  . . .     Clarity  .     h - +0 ring mail
rNeg   . . .     SustAt   .     (no shield)
rPois  .         Gourm    .     s - +0 helmet
rElec  .         Spirit   .     (no cloak)
rCorr  .         Warding  .     (no gloves)
rMut   .         Stasis   .     (no barding)
MR     .....                    (no amulet)
Stlth  ..........               (no ring)
                                (no ring)

@: invisible, very quick, not resistant to hostile enchantments, extremely
unstealthy
A: hooves 3, deformed body, speed 2, tough skin 3
a: no special abilities


You were on level 2 of the Dungeon.
You were not hungry.

You visited 1 branch of the dungeon, and saw 2 of its levels.

You collected 108 gold pieces.

Inventory:

Hand weapons
 a - a +1 shortbow (weapon)
 c - a +0 short sword
 f - a +0 dagger
 n - a +0 short sword
 x - a +0 hunting sling
Missiles
 b - 11 arrows (quivered)
 i - 14 poisoned arrows
 j - 19 bolts
 y - 15 arrows of flame
Armour
 d - a +0 leather armour
 h - a +0 ring mail (worn)
 r - a +0 large shield
 s - a +0 helmet (worn)
Scrolls
 k - a scroll of immolation {unknown}
 m - 2 scrolls of identify {unknown}
 o - a scroll of enchant armour {unknown}
 p - a scroll of fog {unknown}
 t - a scroll of noise {unknown}
 u - a scroll of blinking {unknown}
 v - a scroll of teleportation {unknown}
Potions
 l - a potion of mutation {unknown}
 w - 2 potions of poison {unknown}
Comestibles
 e - a bread ration
 g - 2 meat rations


   Skills:
 + Level 2.1 Fighting
 + Level 0.5 Short Blades
 + Level 7.0 Bows
 + Level 0.5 Armour
 + Level 1.9 Dodging
 + Level 0.5 Stealth


You had 3 spell levels left.
You didn't know any spells.

Dungeon Overview and Level Annotations

Branches:
Dungeon (2/15)

Altars:
Ashenzari

Annotations:
D:2 Terence


Innate Abilities, Weirdness & Mutations

You have hooves in place of feet.
Armour fits poorly on your strangely shaped body.
You cover ground very quickly.
You have extremely tough skin (AC +3).


Message History

Deactivating autopickup; reactivate with Ctrl-A.
You hear a zap.
A puff of flame appears from out of thin air!
The puff of flame hits you!
You hear a zap.
A puff of flame appears from out of thin air!
The puff of flame hits you!
You hear a zap.
A puff of flame appears from out of thin air!
The puff of flame hits you!
You hear a zap.
A puff of flame appears from out of thin air!
The puff of flame hits you!
* * * LOW HITPOINT WARNING * * *
There is a stone staircase leading down here.
You fade into invisibility!
You hear a zap.
A puff of flame appears from out of thin air!
The puff of flame hits you!
You die...

#..########.......#
#..#..............#
#..#.######.....#.#
#....# #.....#.#
##.### ###.###.#
##.# #.##..# #.#.#
#†##.##
.###.########.##.#
## ##......##.##@#
.###.#####.##.##.#
#.#.##........##{#
##.###..########.#
### #..# #.# #..#
#.# ######..# #.#
........# #.#
.######.#


There were no monsters in sight!

Vanquished Creatures
  3 adders (D:2)
  4 worms (D:2)
  8 bats
  5 goblins
  6 hobgoblins
  2 jackals (D:2)
  9 kobolds
  A ball python (D:2)
  8 giant cockroaches
  2 giant geckos (D:2)
  4 giant newts
  7 rats
59 creatures vanquished.

Notes
Turn   | Place    | Note
--------------------------------------------------------------
     0 | D:1      | theterg the Centaur Hunter began the quest for the Orb.
     0 | D:1      | Reached XP level 1. HP: 17/17 MP: 1/1
   185 | D:1      | Reached XP level 2. HP: 22/24 MP: 2/2
   283 | D:1      | Reached skill level 6 in Bows
   596 | D:1      | Reached XP level 3. HP: 21/29 MP: 3/3
  1284 | D:2      | Found a shattered altar of Ashenzari.
  1300 | D:2      | Reached XP level 4. HP: 36/36 MP: 4/4
  1707 | D:2      | Found a faded altar to an unknown god.
  1883 | D:2      | Reached skill level 7 in Bows
  1937 | D:2      | Noticed Terence
  1944 | D:2      | Killed from afar by Terence

Vault maps used:
D:1:      wheals_arrival_shading
D:2:      ashenzari_conservatory_becter, ecumenical_altar_2, first_bread,
          kennysheep_generic_room_5, uniq_terence

Action                   |  1- 3 |  4- 6 || total
-------------------------+-------+-------++-------
Melee: Short sword       |    94 |    49 ||   143
 Fire: Shortbow          |    61 |    26 ||    87
  Use: Potion            |     2 |     1 ||     3
  Eat: Bread ration      |       |     1 ||     1
